AoeStats
← Fulcrum

Arabia

509939941Analyzed
1v1 RM · 3d ago on Sep 28, 2026· 16m 15s· 2 players
Game mode
Random Map
Map size
Tiny (2 player)
Population
200
Speed
Normal
Resources
Standard
Victory
Conquest
Starting age
Dark Age
Ending age
Imperial Age
RankedLock teamsTeams togetherTeam positionsShared explorationLock speedFull tech treeHidden civsTurbo modeCheats
Victory
Defeat
🇺🇸 Spanish · United States
1127
+15
🇯🇵 Varangians · Japan
1096
-15
teban0721
8:08 Loom
10:46 Feudal Age
10:52 Man-at-Arms
11:21 Double-Bit Axe
15:01 Town Watch
Fulcrum
11:28 Feudal Age
9:44 Loom
15:32 Castle Age
14:27 Double-Bit Axe
Connection lost

Rejoining the realm…

Still unreachable

The connection could not be restored.

Session expired

The server has moved on; the page needs a fresh start.